 Dungeon Crawl Stone Soup version 0.18-a0-844-g9229740 (webtiles) character file.

1388 tof the Ducker (level 8, -8/71 HPs)
             Began as a Minotaur Monk on Dec 18, 2015.
             Was an Elder of Cheibriados.
             Mangled by a hill giant
             ... wielding a +0 giant club
              (30 damage)
             ... on level 5 of the Dungeon.
             The game lasted 00:23:15 (3780 turns).

tof the Ducker (Minotaur Monk)                      Turns: 3780, Time: 00:23:16

Health: -8/71      AC: 15    Str: 25    XL:     8   Next: 40%
Magic:  7/7        EV: 12    Int: 14    God:    Cheibriados [****..]
Gold:   299        SH:  0    Dex: 24    Spells: 0 memorised, 7 levels left

rFire  . . .     SeeInvis +     p - +2 mace (drain)
rCold  + . .     Gourm    .     z - +2 plate armour of Slovenliness {rC+}
rNeg   . . .     Faith    .     (no shield)
rPois  +         Spirit   .     (helmet restricted)
rElec  .         Dismiss  .     f - +0 cloak
rCorr  .         Reflect  .     (no gloves)
SustAt +         Harm     .     (no boots)
MR     .....                    (no amulet)
Stlth  ..........               l - ring of wizardry
                                o - ring of sustain attributes

@: very slow, not resistant to hostile enchantments, extremely unstealthy
A: retaliatory headbutt, hooves 1, horns 2, see invisible, dopey 1, poison
resistance
a: Bend Time, Temporal Distortion, Slouch, Renounce Religion


You were on level 5 of the Dungeon.
You worshipped Cheibriados.
Cheibriados was greatly pleased with you.
You were not hungry.

You visited 1 branch of the dungeon, and saw 5 of its levels.

You collected 299 gold pieces.

Inventory:

Hand Weapons
 i - a +5 dagger of holy wrath
 p - a +2 mace of draining (weapon)
Armour
 f - a +0 cloak (worn)
 m - a +1 ring mail
 q - a +0 scale mail
 z - the +2 plate armour of Slovenliness (worn) {rC+}
   (You found it on level 5 of the Dungeon)

   It protects you from cold.
Jewellery
 l - a ring of wizardry (right hand)
 o - a ring of sustain attributes (left hand)
Wands
 n - a wand of cold (6)
 u - a wand of magic darts (13)
 B - a wand of polymorph (7)
Scrolls
 c - 2 scrolls of teleportation
 e - 2 scrolls of amnesia
 h - 8 scrolls of identify
 k - a scroll of fog
 r - a scroll of enchant weapon
 s - a scroll of enchant armour
 w - a scroll of vulnerability {unknown}
 y - a scroll of remove curse
 C - a scroll of recharging
Potions
 g - a potion of curing
 t - a potion of might
 x - 2 potions of poison {unknown}
 A - a potion of brilliance {unknown}
 E - a potion of berserk rage {unknown}
Books
 d - a book of Dreams

   Spells                             Type                      Level
   a - Ensorcelled Hibernation        Hexes/Ice                    2
   b - Phase Shift                    Translocation                5
   c - Shadow Creatures               Summoning                    5
   d - Silence                        Hexes/Air                    5
   e - Darkness                       Hexes                        6
   f - Mass Confusion                 Hexes                        6
Comestibles
 a - a slice of pizza
 b - 4 bread rations
 j - 3 meat rations
 v - 6 chunks of flesh
 D - a beef jerky


   Skills:
 + Level 6.4 Fighting
 + Level 2.4 Short Blades
 * Level 3.9 Maces & Flails
 + Level 5.9 Armour
 + Level 6.6 Dodging
 - Level 1.5 Stealth
 + Level 6.1 Unarmed Combat


You had 7 spell levels left.
You didn't know any spells.

Dungeon Overview and Level Annotations

Branches:
Dungeon (5/15)             Temple (0/1) D:4

Altars:
Cheibriados
Elyvilon
Fedhas
Qazlal
Sif Muna
Trog
Vehumet
Xom
Yredelemnul
Zin

Annotations:
D:4 items needs digging


Innate Abilities, Weirdness & Mutations

You reflexively headbutt those who attack you in melee.
You have a pair of horns on your head.
You have large cloven feet.
You have supernaturally acute eyesight.
You are dopey. (Int -2)
Your system is resistant to poisons.


Message History

You kick the hill giant, but do no damage.
You headbutt the hill giant.
The hill giant is moderately wounded.
The hill giant misses you.
You sock the hill giant!
You kick the hill giant, but do no damage.
You headbutt the hill giant.
You punch the hill giant, but do no damage.
The hill giant is heavily wounded.
The hill giant closely misses you. You furiously retaliate!
You headbutt the hill giant. You sock the hill giant!
Your kick misses the hill giant.
The hill giant is severely wounded.
The hill giant hits you with a giant club!
You hit the hill giant. You drain the hill giant!
You kick the hill giant, but do no damage.
You headbutt the hill giant!
The hill giant is almost dead.
The hill giant hits you with a giant club!!
You die...

##. .## #..######..#
#.##8)[8##.#
#.#8....8#.#
##.'...(..'.#
#..'......'.#
####..#8....8#.#####
##.....##8..8##.#...##
#.......######.C@....#
#...###+# #'###...#
#..## #[÷C##..# #..#
##.#.#..# #..# .## #..#
#..# ## #..# #..# #..#
#..## #### ##..##
#...######..######....#


You could see a hill giant.

Vanquished Creatures
  Sigmund (D:3)
  A steam dragon (D:5)
  An ice beast (D:5)
  A sky beast (D:5)
  3 ogres
  A phantom (D:4)
  3 crimson imps
  An iguana (D:4)
  2 centaur skeletons (D:4)
  2 hounds
  2 orc wizards
  4 worker ants
  A hound skeleton (D:4)
  4 adders
  3 river rats (D:3)
  2 oozes (D:2)
  A worm (D:3)
  4 giant geckos
  17 orcs
  6 bats
  4 giant cockroaches
  6 goblins
  3 hobgoblins
  5 kobolds
  2 quokkas
  4 ball pythons
  A ball python skeleton (D:4)
  3 giant newts
  16 jackals
  2 jackal skeletons
  10 rats
116 creatures vanquished.

Notes
Turn   | Place    | Note
--------------------------------------------------------------
     0 | D:1      | tof the Minotaur Monk began the quest for the Orb.
     0 | D:1      | Reached XP level 1. HP: 19/19 MP: 0/0
   642 | D:1      | Reached XP level 2. HP: 22/27 MP: 1/1
  1010 | D:2      | Reached XP level 3. HP: 29/33 MP: 2/2
  1029 | D:2      | Reached skill level 1 in Armour
  1029 | D:2      | Reached skill level 5 in Unarmed Combat
  1139 | D:2      | Found a glowing silver altar of Zin.
  1553 | D:3      | Reached XP level 4. HP: 25/40 MP: 3/3
  1698 | D:3      | Noticed a fire elemental
  1754 | D:3      | Found a stormy altar of Qazlal.
  1765 | D:3      | Noticed an air elemental
  1766 | D:3      | Noticed a water elemental
  1824 | D:3      | Found a white marble altar of Elyvilon.
  1824 | D:3      | Found a bloodstained altar of Trog.
  1835 | D:3      | Found a deep blue altar of Sif Muna.
  1836 | D:3      | Found a snail-covered altar of Cheibriados.
  1848 | D:3      | Noticed Sigmund
  1874 | D:3      | Killed Sigmund
  1874 | D:3      | Reached skill level 5 in Fighting
  1874 | D:3      | Reached XP level 5. HP: 29/48 MP: 4/4
  1874 | D:3      | Reached XP level 6. HP: 33/56 MP: 5/5
  1953 | D:3      | Found a basalt altar of Yredelemnul.
  2205 | D:3      | Became a worshipper of Cheibriados the Contemplative
  2205 | D:3      | Reached * piety under Cheibriados
  2205 | D:3      | Reached ** piety under Cheibriados
  2315 | D:3      | Found a blossoming altar of Fedhas.
  2532 | D:4      | Reached skill level 1 in Short Blades
  2532 | D:4      | Reached skill level 6 in Unarmed Combat
  2636 | D:4      | Found a staircase to the Ecumenical Temple.
  2650 | D:4      | Reached skill level 5 in Dodging
  2855 | D:4      | Reached XP level 7. HP: 59/61 MP: 6/6
  2865 | D:4      | Reached skill level 1 in Maces & Flails
  2950 | D:4      | Found a radiant altar of Vehumet.
  3013 | D:4      | Reached *** piety under Cheibriados
  3167 | D:5      | Entered Level 5 of the Dungeon
  3244 | D:5      | Found a large runed door.
  3244 | D:5      | Found a large runed door.
  3253 | D:5      | Found a large runed door.
  3253 | D:5      | Found a large runed door.
  3259 | D:5      | Got a fine plate armour
  3270 | D:5      | Identified the +2 plate armour of Slovenliness {rC+} (You found it on level 5 of the Dungeon)
  3333 | D:5      | Found a shimmering altar of Xom.
  3403 | D:5      | Reached skill level 5 in Armour
  3403 | D:5      | Reached XP level 8. HP: 64/70 MP: 7/7
  3407 | D:5      | Gained mutation: Your system is resistant to poisons. [mutagenic meat]
  3408 | D:5      | Gained mutation: You have large cloven feet. [mutagenic meat]
  3409 | D:5      | Gained mutation: You have supernaturally acute eyesight. [mutagenic meat]
  3411 | D:5      | Gained mutation: You are dopey. (Int -2) [mutagenic meat]
  3765 | D:5      | Reached **** piety under Cheibriados
  3773 | D:5      | Noticed a hill giant
  3780 | D:5      | Mangled by a hill giant

Vault maps used:
D:1:      dpeg_arrival_line_fractal, minivault_11
D:2:      lemuel_round_altar
D:3:      nicolae_overflow_crystal_walls, nicolae_qazlal_style_of_elements,
          yredelemnul_altar_generic, grunt_temple_overflow_cloverleaf,
          portal_sewer_entry_e, uniq_sigmund
D:4:      vehumet_altar_wand_db, minmay_temple_entry_butterflies, first_bread,
          lightli_corner_chamber
D:5:      tgw_xom, minmay_hollow_rounded_squares

Action                   |  1- 3 |  4- 6 |  7- 9 || total
-------------------------+-------+-------+-------++-------
Melee: Dagger            |    61 |    96 |       ||   157
       Spear             |     5 |       |       ||     5
       Mace              |       |     9 |    77 ||    86
  Use: Scroll            |     3 |     9 |       ||    12
       Potion            |     2 |     1 |       ||     3
 Stab: Sleeping          |     3 |       |       ||     3
  Eat: Chunk             |     2 |     3 |     5 ||    10
       Beef jerky        |       |       |     1 ||     1
